 Dungeon Crawl Stone Soup version 0.29.0-4-gdea44cf6ec (webtiles) character file.

Game seed: 14418821432029840514

580 qw the Cleaver (level 7, -1/49 (59) HPs)
             Began as a Minotaur Berserker on Sept 6, 2022.
             Was a Believer of Trog.
             Killed by nerve-wracking pain
             ... invoked by an orc priest
              (14 damage)
             ... on level 5 of the Dungeon.
             The game lasted 00:01:22 (4523 turns).

qw the Cleaver (Minotaur Berserker)                 Turns: 4523, Time: 00:01:22

HP:   -1/49 (59)    AC: 10    Str: 24    XL:     7   Next: 13%
MP:   6/6           EV:  8    Int:  4    God:    Trog [**....]
Gold: 251           SH:  0    Dex:  9    Spells: 6/6 levels left

rFire   . . .      SeeInvis .   Y - +1 hand axe
rCold   . . .      Faith    .   (no shield)
rNeg    . . .      Spirit   .   g - +0 chain mail
rPois   .          Reflect  .   (helmet restricted)
rElec   .          Harm     .   (no cloak)
rCorr   .          Rampage  .   (no gloves)
Will    .....                   i - +0 pair of boots
Stlth   ..........              (no amulet)
HPRegen 0.16/turn               (no ring)
MPRegen 0.10/turn               (no ring)

@: about to teleport, on berserk cooldown, slowed, heavily drained, very slow
A: horns 2, retaliatory headbutt
a: Renounce Religion, Berserk, Trog's Hand


You were on level 5 of the Dungeon.
You worshipped Trog.
Trog was pleased with you.
You visited 1 branch of the dungeon, and saw 5 of its levels.

You collected 251 gold pieces.


Innate Abilities, Weirdness & Mutations

You have a pair of horns on your head.
You reflexively headbutt those who attack you in melee.


   Skills:
 + Level 4.2 Fighting
 - Level 9.1 Axes
 - Level 4.0 Armour
 - Level 2.1 Dodging


You had 6 spell levels left.
You didn't know any spells.
Your spell library was empty.

Inventory:

Hand Weapons
 l - a +1 vorpal flail
 Y - a +1 hand axe (weapon)
Armour
 g - a +0 chain mail (worn)
 h - a +3 ring mail
 i - a +0 pair of boots (worn)
Scrolls
 a - 3 scrolls of identify
 e - a scroll of teleportation
 f - a scroll of enchant armour {unknown}
 j - a scroll of fog {unknown}
Potions
 b - a potion of ambrosia {unknown}
 c - 5 potions of heal wounds
 d - 2 potions of might
 k - 4 potions of curing

Dungeon Overview and Level Annotations

Branches:
Dungeon (5/15)
 Temple: D:4-7

Altars:
Fedhas
Vehumet


Message History

You feel drained.
The orc priest looks braver for a moment.
You hit the orc priest but do no damage.
The orc priest hits you but does no damage.
You feel drained.
You barely miss the orc priest.
The orc priest hits you but does no damage.
You feel drained.
You hit the orc priest.
The orc priest is moderately wounded.
The orc priest invokes the aid of Beogh against you.
Beogh smites you!
A worm comes into view.
The orc priest hits you but does no damage.
You feel drained.
You barely miss the orc priest.
The orc priest is moderately wounded.
The orc priest hits you but does no damage.
You feel drained.
You hit the orc priest.
The orc priest is moderately wounded.
The orc priest hits you with a +1 dagger of draining.
You feel drained.
You barely miss the orc priest.
The orc priest is moderately wounded.
The orc priest hits you but does no damage.
You feel drained.
You hit the orc priest but do no damage.
You headbutt the orc priest!
The orc priest is almost dead.
The orc priest hits you but does no damage.
You feel drained.
The orc priest hits you with a +1 dagger of draining.
You feel drained.
4523 ||| READING 2 scrolls of teleportation.
As you read the scroll of teleportation, it crumbles to dust.
You feel strangely unstable.
The orc priest calls down the wrath of Beogh upon you.
Pain shoots through your body!
You die...

# ####..............##
######..........#
##########..........<#
.........##..........#
########.##..........#
...#.....##..........#
##.#.#####...........#
...#.....'.........#..#
#############...@.##..#
#####o##...#
#..)%.....# #.##...#..#
# #...# # #...# ....#
....# #...#


You could see an orc priest.

Vanquished Creatures
  A water moccasin (D:5)
  A centaur (D:5)
  2 scorpions
  A jelly (D:4)
  Natasha (twice) (D:2)
  11 adders
  A gnoll (D:1)
  An ufetubus (D:5)
  3 worms
  2 dart slugs
  7 orcs
  4 endoplasms
  3 hobgoblins
  6 quokkas
  7 ball pythons
  4 bats
  4 frilled lizards
  5 goblins
  8 kobolds
  7 rats
80 creatures vanquished.

Vanquished Creatures (others)
  A fungus (D:2)
  A plant (D:2)
2 creatures vanquished.

Grand Total: 82 creatures vanquished

Notes
Turn   | Place    | Note
-------+----------+-------------------------------------------
     0 | D:1      | qw the Minotaur Berserker began the quest for the Orb.
     0 | D:1      | Reached XP level 1. HP: 19/19 MP: 0/0
     0 | D:1      | 0 ||| qw: Version: 0.1-a-108-g9e35731
     0 | D:1      | 0 ||| qw: Game counter: 6291
     0 | D:1      | 0 ||| qw: Always use a shield: true
     0 | D:1      | 0 ||| qw: Do Orc after D:15 true
     0 | D:1      | 0 ||| qw: Do second Lair branch before Depths: true
     0 | D:1      | 0 ||| qw: Lair rune preference: random
     0 | D:1      | 0 ||| qw: Plans: Normal
     0 | D:1      | 0 ||| PLANNING D:1-11
   124 | D:1      | 124 ||| INVOKING Berserk.
   127 | D:1      | Reached skill level 4 in Axes
   127 | D:1      | Reached XP level 2. HP: 26/26 MP: 1/1
   224 | D:1      | 224 ||| Stepping ~*~*~tactically~*~*~ (stealth).
   474 | D:1      | 474 ||| Stepping ~*~*~tactically~*~*~ (hiding).
   557 | D:1      | Reached skill level 5 in Axes
   968 | D:1      | Reached XP level 3. HP: 28/31 MP: 2/2
  1068 | D:1      | 1068 ||| READING scroll labelled WUASHA BITHRAPNUPP.
  1069 | D:1      | 1069 ||| READING scroll labelled EBAVUMMEKIYNA.
  1070 | D:1      | 1070 ||| READING scroll labelled PYZAES TEULL.
  1071 | D:1      | 1071 ||| DRINKING 3 metallic amethyst potions.
  1072 | D:1      | 1072 ||| Stepping randomly (stuck).
  1073 | D:1      | 1073 ||| Stepping ~*~*~tactically~*~*~ (cloud).
  1321 | D:2      | Noticed Natasha
  1322 | D:2      | 1322 ||| Stepping ~*~*~tactically~*~*~ (hiding).
  1325 | D:2      | 1325 ||| INVOKING Berserk.
  1330 | D:2      | Killed Natasha
  1369 | D:2      | 1369 ||| FLEEEEING.
  1370 | D:2      | 1370 ||| FLEEEEING.
  1371 | D:2      | 1371 ||| FLEEEEING.
  1372 | D:2      | 1372 ||| FLEEEEING.
  1373 | D:2      | 1373 ||| FLEEEEING.
  1374 | D:2      | 1374 ||| FLEEEEING.
  1375 | D:2      | 1375 ||| FLEEEEING.
  1376 | D:2      | 1376 ||| FLEEEEING.
  1377 | D:2      | 1377 ||| FLEEEEING.
  1381 | D:2      | 1381 ||| STAIRDANCE
  1492 | D:2      | Reached XP level 4. HP: 39/39 MP: 3/3
  1512 | D:2      | Reached skill level 6 in Axes
  1563 | D:2      | 1563 ||| Stepping ~*~*~tactically~*~*~ (stealth).
  1572 | D:2      | 1572 ||| Stepping ~*~*~tactically~*~*~ (stealth).
  1684 | D:2      | Found a faded altar of an unknown god.
  2118 | D:2      | Noticed Natasha
  2122 | D:2      | 2122 ||| INVOKING Berserk.
  2126 | D:2      | Killed Natasha
  2127 | D:2      | Reached XP level 5. HP: 45/45 MP: 4/4
  2295 | D:2      | 2295 ||| UPGRADING to +0 pair of boots.
  2300 | D:2      | 2300 ||| READING scroll labelled SUILEE QEKE.
  2301 | D:2      | 2301 ||| READING scroll labelled WUIVALUTOU.
  2302 | D:2      | 2302 ||| READING scroll labelled YLAPOOTUUSK.
  2303 | D:2      | 2303 ||| READING 4 scrolls of identify.
  2303 | D:2      | 2303 ||| IDENTIFYING blue potion
  2304 | D:2      | 2304 ||| READING 3 scrolls of identify.
  2304 | D:2      | 2304 ||| IDENTIFYING black potion
  2305 | D:2      | 2305 ||| READING 2 scrolls of identify.
  2305 | D:2      | 2305 ||| IDENTIFYING ruby potion
  2306 | D:2      | 2306 ||| DROPPING potion of attraction.
  2374 | D:3      | Reached skill level 7 in Axes
  2403 | D:3      | 2403 ||| Stepping ~*~*~tactically~*~*~ (hiding).
  2614 | D:3      | 2614 ||| Stepping ~*~*~tactically~*~*~ (stealth).
  2687 | D:3      | 2687 ||| Stepping ~*~*~tactically~*~*~ (stealth).
  2807 | D:3      | Reached ** piety under Trog
  2957 | D:3      | 2957 ||| DROPPING +0 flail.
  3254 | D:3      | Found a blossoming altar of Fedhas.
  3367 | D:3      | 3367 ||| UPGRADING to +0 chain mail.
  3377 | D:3      | 3377 ||| DROPPING +0 animal skin.
  3378 | D:3      | 3378 ||| READING scroll labelled ZEDDIKLUATZO.
  3379 | D:3      | 3379 ||| READING scroll labelled VEECUO KIRGH.
  3380 | D:3      | 3380 ||| READING 2 scrolls of identify.
  3380 | D:3      | 3380 ||| IDENTIFYING fuming puce potion
  3381 | D:3      | 3381 ||| DROPPING potion of magic.
  3482 | D:4      | 3482 ||| INVOKING Berserk.
  3484 | D:4      | Reached skill level 8 in Axes
  3484 | D:4      | Reached XP level 6. HP: 52/52 MP: 5/5
  3670 | D:4      | 3670 ||| Stepping ~*~*~tactically~*~*~ (stealth).
  3671 | D:4      | 3671 ||| Stepping ~*~*~tactically~*~*~ (stealth).
  3673 | D:4      | 3673 ||| Stepping ~*~*~tactically~*~*~ (stealth).
  4017 | D:4      | 4017 ||| READING scroll labelled JYULUA XILIUR.
  4018 | D:4      | 4018 ||| READING 2 scrolls labelled TUH RUGICACEZ.
  4085 | D:4      | 4085 ||| Stepping ~*~*~tactically~*~*~ (stealth).
  4086 | D:4      | 4086 ||| Stepping ~*~*~tactically~*~*~ (stealth).
  4096 | D:5      | Entered Level 5 of the Dungeon
  4119 | D:5      | Found a radiant altar of Vehumet.
  4485 | D:5      | Noticed a water moccasin
  4492 | D:5      | Reached skill level 9 in Axes
  4493 | D:5      | Killed a water moccasin
  4494 | D:5      | Reached XP level 7. HP: 37/59 MP: 6/6
  4498 | D:5      | 4498 ||| INVOKING Berserk.
  4510 | D:5      | 4510 ||| Stepping ~*~*~tactically~*~*~ (hiding).
  4512 | D:5      | 4512 ||| Stepping ~*~*~tactically~*~*~ (hiding).
  4522 | D:5      | HP: 12/50 [orc priest/+1 dagger of draining (2)]
  4523 | D:5      | 4523 ||| READING 2 scrolls of teleportation.
  4523 | D:5      | Killed from afar by an orc priest

Levels and vault maps discovered:
D:1:      onia_arrival_pyramid, layout_basic, chequers_hall_statues_y
D:2:      layout_basic, shapermc_ecumenical_altar_mp_ritualfount, uniq_natasha
D:3:      minmay_chambers_of_twos, layout_loops_ring,
          nicolae_overflow_hidden_temple
D:4:      layout_rooms, serial_curves, eino_curves_02, eino_curves_02
D:5:      layout_rooms, mainiacjoe_overflow_cross_hatched,
          roderic_serpentine_path, hangedman_abyss_or_decor_stabs

Skill      XL: |  1  2  3  4  5  6 |
---------------+-------------------+-----
Axes           | 4 5 6 8 9 |  9.1
Fighting       | 4 |  4.2
Armour         | 4 |  4.0
Dodging        | |  2.1

Action                   |  1- 3 |  4- 6 |  7- 9 || total
-------------------------+-------+-------+-------++-------
Melee: Hand axe          |    65 |   139 |    18 ||   222
       Headbutt          |     6 |    20 |     3 ||    29
       Punch             |     1 |     2 |       ||     3
Invok: Berserk           |     2 |     2 |     1 ||     5
  Use: Scroll            |     3 |    11 |     1 ||    15
       Potion            |     1 |       |       ||     1
Armor: Animal skin       |    12 |     6 |       ||    18
       Chain mail        |       |    24 |    10 ||    34
Dodge: Dodged            |    32 |    54 |     1 ||    87

Table legend:
 A = Non-vault XP
 B = Vault XP
 C = Vault XP percentage of total XP
 D = Non-vault monster count
 E = Vault monster count
 F = Vault count percentage of total count
                 A         B        C        D         E       F
            +---------+---------+-------+---------+---------+-------
      Total |     702 |     127 |  15.3 |      71 |       9 |  11.2
            +---------+---------+-------+---------+---------+-------
        D:1 |      43 |       0 |   0.0 |      20 |       0 |   0.0
        D:2 |     120 |      35 |  22.6 |      18 |       1 |   5.3
        D:3 |      44 |      92 |  67.6 |      13 |       8 |  38.1
        D:4 |      98 |       0 |   0.0 |      10 |       0 |   0.0
        D:5 |     397 |       0 |   0.0 |      10 |       0 |   0.0
            +---------+---------+-------+---------+---------+-------
